[Event "1st Serbian League 2022"]
[Site "Vrnjacka Banja"]
[Date "2022.09.20"]
[Round "1.20"]
[White "Bogosavljevic, Boban"]
[Black "Puranik, Abhimanyu"]
[Result "0-1"]
[ECO "A39"]
[WhiteElo "2533"]
[BlackElo "2603"]
[Annotator "TA"]
[PlyCount "96"]
[EventDate "2022.09.20"]
[EventType "team-tourn"]
[EventCountry "SRB"]
[SourceTitle "playchess.com"]
[Source "ChessBase"]
[SourceQuality "1"]
[TimeControl "40/5400+30:1800+30"]

1. Nf3 c5 2. c4 Nf6 3. g3 Nc6 4. Bg2 g6 5. O-O Bg7 6. d4 cxd4 7. Nxd4 O-O 8. Nc3 Qa5 9. e3 {[%emt 0:00:06] BESTDEEP now scores much better than the old 9.Nb3.} d6 {[%emt 0:00:46] BESTDEEP. A39: Symmetrical English vs ...g6: 4 Bg2 Bg7 5 Nf3 Nf6 6 0-0 0-0 7 d4.} 10. Bd2 {[%emt 0:00:05] BESTDEEP} Qb6 {[%emt 0:01:08] BESTDEEP} 11. Nxc6 {[%emt 0:02:25] CPLX 2.6 6 (Nc3-a4) (=2)} bxc6 {[%emt 0:00:10] RECAPT. White has an edge.} 12. b3 {[%emt 0:00:04] CPLX 2.2 0 (Nc3-a4) (=2)} Bb7 {[%emt 0:15:38] [#] CPLX 2.1 7 (Nf6-d7) (=2)} 13. Rc1 $146 {[%emt 0:01:57] CPLX 2.1 10 (Nc3-a4) (=3)} ({Predecessor:} 13. Qe2 Nd7 14. Na4 Qc7 15. Bc3 Bxc3 16. Nxc3 a5 17. a3 Rfb8 18. b4 axb4 19. axb4 {½-½ (31) Roiz,M (2605)-Dominguez Perez,L (2752) Novi Sad 2016}) 13... c5 {[%emt 0:09:40] CPLX 2.1} 14. e4 {[%emt 0:00:50] CPLX 2.5 13 (f2-f4) (=5)} Rfe8 {[%emt 0:06:15] CPLX 2.1} 15. h3 {[%emt 0:19:02] CPLX 2.1 17 (Qd1-e2) (=7)} Nd7 {[%emt 0:04:45] CPLX 2.1 12 (Bb7-c6) (=3)} 16. f4 {[%emt 0:06:35] MISS-Nc3-d5 4 (Nc3-d5) (=6)} Bc6 {[%emt 0:01:52] BESTDEEP} 17. Kh2 {[%emt 0:02:58] CPLX 2.2 6 (Qd1-e2) (=6)} Qb7 {[%emt 0:02:32] BESTDEEP} 18. Re1 {[%emt 0:07:10] CPLX 2.1 24 (Qd1-e2) (=8)} Nf8 {[%emt 0:05:18] BESTDEEP} 19. Nd5 {[%emt 0:06:06] CPLX 2.1} a5 {[%emt 0:08:40][%cal Ba7a5,Ba5a4][%mdl 32] BESTDEEP} 20. Bc3 {[%emt 0:03:13] CPLX 2.5 2 (Rc1-b1) (=7)} a4 {[%emt 0:03:05] BESTDEEP} 21. Bxg7 {[%emt 0:15:48] CPLX 3.2} Kxg7 {[%emt 0:00:10] RECAPT} 22. Qc2 {[%emt 0:11:47] CPLX 2.9 27 (Rc1-b1) (=8)} axb3 {[%emt 0:01:14] BESTDEEP} 23. Qc3+ {[%emt 0:00:54] CPLX 4.4 25 (Qc2-b2) (=9)} ({Much worse is} 23. Qxb3 Ne6 24. Ra1 Qxb3 25. axb3 Bxd5 26. exd5 Rxa1 27. Rxa1 Nd4 $17) 23... Kg8 {[%emt 0:09:29] [#] White must now prevent ...Bxd5. CPLX 3.4 26 (f7-f6) (=3)} 24. axb3 {[%emt 0:00:29] CPLX 3.8} Ra2 {[%emt 0:07:35] CPLX 3.4} 25. Kh1 {[%emt 0:06:51] CPLX 4.0 82 (Rc1-b1) (=13)} (25. Rb1 $15) 25... Bxd5 {[%emt 0:07:15] CPLX 4.2 53 (Nf8-e6) (=6)} (25... Ne6 $142 {...Rea8 is the strong threat.} 26. Ra1 Rxa1 27. Rxa1 Nd4) 26. cxd5 $17 {[%emt 0:01:29] RECAPT} Rb8 {[%emt 0:00:09] CPLX 3.3 9 (Re8-a8) (=6)} 27. Re3 {[%emt 0:03:11] CPLX 3.3 32 (Rc1-a1) (=13)} Qb4 {[%emt 0:00:46] CPLX 3.3 11 (Nf8-d7) (=6)} 28. e5 {[%emt 0:00:44] CPLX 3.5 18 (Bg2-f1) (=13)} Qxc3 {[%emt 0:03:52] BESTDEEP} 29. Rcxc3 {[%emt 0:00:12] RECAPT} Rb2 {[%emt 0:00:28] BESTDEEP} 30. g4 {[%emt 0:03:46] CPLX 2.3 26 (Kh1-g1) (=13)} Kg7 {[%emt 0:03:42] CPLX 2.3 12 (Nf8-d7) (=6)} 31. g5 {[%emt 0:01:39] CPLX 2.5 33 (Kh1-h2) (=14)} Rb4 {[%emt 0:00:48] BESTDEEP} 32. Rf3 {[%emt 0:01:28] BESTDEEP} Rd4 {[%emt 0:01:41] CPLX 2.8 52 (h7-h5) (=8)} (32... h5 $142 33. Kg1 Rd4) 33. exd6 {[%emt 0:01:47] CPLX 2.8 8 (Rc3-d3) (=13)} exd6 {[%emt 0:00:08] RECAPT} 34. Rcd3 {[%emt 0:01:40] CPLX 2.6} Rxd3 {[%emt 0:01:57] Black is more active. DEEPSTRONG} 35. Rxd3 {[%emt 0:00:07][%mdl 4096] Endgame KRB-KRN. RECAPT} Nd7 {[%emt 0:00:54] CPLX 2.2} 36. Re3 {[%emt 0:02:53] CPLX 2.1 57 (h3-h4) (=14)} (36. h4 $142) 36... Nb6 {[%emt 0:00:12] CPLX 2.2} 37. Rd3 {[%emt 0:00:30] BESTDEEP} Nc8 {[%emt 0:01:37] CPLX 2.2 14 (Nb6-a8) (=7)} 38. Re3 {[%emt 0:00:35] CPLX 2.1 11 (Kh1-g1) (=13)} Kf8 {[%emt 0:00:01] Against Re8+. BESTDEEP} 39. f5 {[%emt 0:00:31] Now White is beyond hope. CPLX 2.1 141 (Bg2-e4) (=17)} (39. Be4 $17 {was worth a try.}) 39... gxf5 $19 {[%emt 0:00:44] CPLX 2.3} 40. h4 {[%emt 0:00:30] CPLX 2.3 30 (Bg2-f1) (=18)} Ne7 {[%emt 0:00:32] CPLX 2.3} 41. h5 {[%emt 0:01:34] CPLX 2.4 30 (Bg2-h3) (=18)} Rd2 {[%emt 0:06:38] CPLX 2.5 43 (f5-f4) (=7)} 42. Re1 {[%emt 0:13:13] CPLX 2.6} Nxd5 {[%emt 0:00:33] CPLX 2.3} 43. h6 {[%emt 0:00:18] CPLX 2.3 62 (Bg2-h3) (=19)} Rd4 {[%emt 0:09:49] BESTDEEP} 44. Ra1 {[%emt 0:13:11] CPLX 2.2 50 (Bg2xd5) (=20)} Rh4+ {[%emt 0:00:40] CPLX 2.1} 45. Kg1 {[%emt 0:00:06] EASY} Rg4 {[%emt 0:00:14] CPLX 2.3} 46. Kf2 {[%emt 0:00:32] CPLX 2.5 0 (Kg1-h2) (=19)} Nf4 {[%emt 0:00:51] CPLX 2.5} 47. Bc6 {[%emt 0:04:24] [#] Ra8+ would kill now. CPLX 2.4 77 (Bg2-f1) (=20)} Nh3+ {[%emt 0:00:52] CPLX 2.3} 48. Ke3 {[%emt 0:00:39] White threatens Ra8+ and mate. CPLX 2.2 0 (Kf2-e2) (=20)} Nxg5 {[%emt 0:16:22] Weighted Error Value: White=0.21 (precise) /Black=0.07 (flawless)} 0-1

[Event "1st Serbian League 2022"]
[Site "Vrnjacka Banja"]
[Date "2022.09.20"]
[Round "1.21"]
[White "Gagunashvili, Merab"]
[Black "Vuckovic, Bojan"]
[Result "1/2-1/2"]
[ECO "A30"]
[WhiteElo "2552"]
[BlackElo "2559"]
[Annotator "TA"]
[PlyCount "42"]
[EventDate "2022.09.20"]
[EventType "team-tourn"]
[EventCountry "SRB"]
[SourceTitle "playchess.com"]
[Source "ChessBase"]
[SourceQuality "1"]
[TimeControl "40/5400+30:1800+30"]

1. c4 Nf6 2. Nc3 c5 3. Nf3 e6 4. g3 b6 5. Bg2 Bb7 6. O-O a6 7. Re1 d6 8. e4 Be7 9. d4 cxd4 10. Nxd4 Qc7 11. Be3 Nbd7 12. f4 O-O 13. Rc1 Rac8 14. g4 Nc5 {[%emt 0:08:30] BESTDEEP. A30: Symmetrical English: Double Fianchetto and Hedgehog.} (14... Qxc4 $2 15. g5 $18) 15. Bf2 {[%emt 0:01:03] Black must now prevent g5. CPLX 2.6} g6 {[%emt 0:00:22] BESTDEEP} 16. f5 {[%emt 0:17:00] CPLX 2.5 17 (b2-b4) (=6)} (16. b4 $5 ) 16... e5 {[%emt 0:10:25] CPLX 3.1 39 (e6xf5) (=13). White has an edge.} 17. Nc2 {[%emt 0:01:44] RELBLUND 63 (Nd4-b3) (=20)} (17. Nb3 $14) 17... gxf5 $11 {[%emt 0:00:51] CPLX 2.9} 18. gxf5 {[%emt 0:01:50] RECAPT 5 (e4xf5) (=17)} Kh8 {[%emt 0:02:45] CPLX 2.9} 19. Kh1 {[%emt 0:22:53] CPLX 2.9 4 (Nc2-b4) (=15)} Rg8 {[%emt 0:03:59][%cal Og8g2] [#] Hoping for ...Rxg2! EASY} 20. Bf3 {[%emt 0:00:21] CPLX 3.4} Qd8 {[%emt 0:14:48][%cal Ob6b5] CPLX 3.1 31 (b6-b5) (=10)} (20... b5 $5 ) 21. Qe2 {[%emt 0:06:00] [#] CPLX 3.2 27 (b2-b4) (=15)} (21. b4 $5 Ncd7 22. Ne3 $11) 21... b5 $146 {[%emt 0:17:15] Weighted Error Value: White=0.19 (very precise) /Black=0.12 (very precise)} ({Predecessor:} 21... Ncd7 22. Rg1 Qc7 23. Rxg8+ Rxg8 24. Rg1 Qd8 25. Ne3 Rxg1+ 26. Bxg1 Qg8 27. Qg2 Qxg2+ 28. Kxg2 {½-½ (55) Vedmediuc,S (2406)-Soltanici,R (2345) Kishinev 2015}) 1/2-1/2

[Event "1st Serbian League 2022"]
[Site "Vrnjacka Banja"]
[Date "2022.09.20"]
[Round "1.22"]
[White "Roganovic, Milos"]
[Black "Pap, Misa"]
[Result "0-1"]
[ECO "C78"]
[WhiteElo "2487"]
[BlackElo "2381"]
[Annotator "TA"]
[PlyCount "116"]
[EventDate "2022.09.20"]
[EventType "team-tourn"]
[EventCountry "SRB"]
[SourceTitle "playchess.com"]
[Source "ChessBase"]
[SourceQuality "1"]
[TimeControl "40/5400+30:1800+30"]

1. e4 e5 2. Nf3 Nc6 3. Bb5 a6 4. Ba4 Nf6 5. O-O Bc5 6. Nxe5 Nxe5 7. d4 b5 8. Bb3 Bxd4 9. Qxd4 d6 10. f4 {[%emt 0:00:00] CPLX 2.6 19 (a2-a3) (=19)} Nc6 {[%emt 0:00:05] MISS-c7-c5 15 (c7-c5) (=15). C78: Ruy Lopez: Archangelsk and Möller Defences.} 11. Qc3 {[%emt 0:00:00] EASY} Ne7 {[%emt 0:09:52] CPLX 3.5} 12. Qe1 {[%emt 0:00:00] [#] CPLX 2.5 1 (a2-a4) (=7)} c5 $146 {[%emt 0:13:37] Threatens to win with ...c4. CPLX 2.2 0 (0-0) (=5). The position is equal.} ({Predecessor:} 12... O-O 13. e5 Nfd5 14. f5 dxe5 15. Qxe5 c6 16. Nc3 f6 17. Qe4 Kh8 {½-½ (17) Iermito,S (2482)-Perez Ponsa,F (2576) Buenos Aires 2015}) 13. e5 {[%emt 0:00:00] CPLX 2.4 0 (c2-c3) (=5)} Ng4 {[%emt 0:02:06] Hoping for ...c4. CPLX 2.9} 14. c3 {[%emt 0:00:00] CPLX 3.0 0 (c2-c4) (=4)} h5 {[%emt 0:22:37] MISS-c5-c4 2 (c5-c4) (=3)} 15. Bc2 {[%emt 0:00:00] next h3 is good for White. BESTDEEP} Bf5 {[%emt 0:10:53] BESTDEEP} 16. exd6 {[%emt 0:00:00] CPLX 3.4 18 (Nb1-a3) (=5)} (16. Na3 {seems wilder.} c4 17. Be3 Bxc2 18. Nxc2 dxe5 19. fxe5 Qc7 20. Qg3) 16... Bxc2 {[%emt 0:00:12] EASY} 17. Qxe7+ {[%emt 0:00:00] CPLX 4.1 31 (d6xe7) (=9)} Qxe7 {[%emt 0:00:09] LEGAL} 18. dxe7 {[%emt 0:00:00] RECAPT} Kxe7 {[%emt 0:04:00] RECAPT} 19. h3 {[%emt 0:00:00] EASY} Nh6 {[%emt 0:03:46][%cal Bg4h6,Bh6f5,Bf5d6][%mdl 32] MISS-Ng4-f6 16 (Ng4-f6) (=3)} 20. Be3 {[%emt 0:00:00] CPLX 2.0 10 (Rf1-e1) (=7)} Kd6 {[%emt 0:00:54] CPLX 2.0 14 (c5-c4) (=4)} 21. Na3 {[%emt 0:00:00] CPLX 2.0 6 (a2-a4) (=7)} Be4 {[%emt 0:01:07] CPLX 2.0} 22. c4 {[%emt 0:00:02] CPLX 2.0 3 (Be3-f2) (=7)} b4 {[%emt 0:09:44] CPLX 2.2} 23. Nb1 $1 {[%emt 0:00:12] DEEPSTRONG} Nf5 {[%emt 0:00:15] CPLX 2.0 8 (Be4xb1) (=4)} 24. Bf2 {[%emt 0:03:08] BESTDEEP} Bxb1 {[%emt 0:06:51] CPLX 2.0 0 (Rh8-e8) (=4)} 25. Raxb1 {[%emt 0:00:14] RECAPT} Kc6 {[%emt 0:00:10] CPLX 2.0 0 (Ra8-d8) (=3)} 26. Rfe1 {[%emt 0:04:25] CPLX 2.0 8 (Rb1-e1) (=6)} Rhe8 {[%emt 0:00:11] CPLX 2.0} 27. Rbd1 {[%emt 0:01:38] CPLX 2.1} Nd6 {[%emt 0:01:09] CPLX 2.4 11 (Re8xe1) (=4)} 28. Rxe8 {[%emt 0:01:07] CPLX 2.5} Rxe8 $11 {[%emt 0:00:06][%mdl 4096] Endgame KRB-KRN. RECAPT} 29. Rd5 {[%emt 0:00:08] EASY} Ne4 {[%emt 0:03:34] CPLX 2.1 0 (Nd6-b7) (=3)} 30. Rxh5 $2 {[%emt 0:00:17] White is on the road to losing. RELBLUND 189 (Bf2-e3) (=14)} (30. Be3 $11 {and White stays safe.}) 30... Rd8 $1 $19 {[%emt 0:00:07] CPLX 2.0=>BLUNDERREACT} 31. Bh4 {[%emt 0:02:06] CPLX 2.0} Rd1+ {[%emt 0:02:53][%mdl 1024] Black has strong compensation. CPLX 2.0} 32. Kh2 {[%emt 0:00:03] [#] EASY} Rd2 $1 {[%emt 0:00:06] DEEPSTRONG} 33. Re5 {[%emt 0:01:01] EASY} Nd6 {[%emt 0:00:37] CPLX 2.1} 34. b3 {[%emt 0:00:33] CPLX 2.0 185 (Bh4-e7) (=19)} (34. Be7 {keeps fighting.}) 34... f6 {[%emt 0:01:15] CPLX 2.1=>BLUNDERREACT} 35. Re6 {[%emt 0:01:26] CPLX 2.3 36 (Re5-e7) (=19)} Kd7 {[%emt 0:00:51] CPLX 2.3} 36. Re1 {[%emt 0:00:01] CPLX 2.4 152 (Bh4-e1) (=24)} Nf5 {[%emt 0:01:32] CPLX 2.0} 37. Bg3 {[%emt 0:00:28] EASY} Rxa2 {[%emt 0:00:06] CPLX 2.1} 38. Rd1+ {[%emt 0:00:24] CPLX 2.0 3 (Re1-b1) (=23)} Kc6 {[%emt 0:00:20] CPLX 2.0 27 (Nf5-d4) (=3)} 39. Rd3 {[%emt 0:00:48] CPLX 2.0 227 (h3-h4) (=30)} a5 {[%emt 0:01:43] BESTDEEP} 40. h4 {[%emt 0:00:03] CPLX 2.0 99 (Bg3-e1) (=32)} Nd4 {[%emt 0:02:02] And now ...Ra3 would win. BESTDEEP} 41. h5 {[%emt 0:30:19] CPLX 2.0 12 (Bg3-e1) (=31)} Rb2 {[%emt 0:03:23] CPLX 2.0 400 (Ra2-a3) (=15)} (41... Ra3 $142 42. Be1 Rxb3 43. Rxb3 Nxb3) 42. Bh4 {[%emt 0:00:00] DEEPSTRONG=>BLUNDERREACT} Nf5 {[%emt 0:01:28] Prevents Rg3. BESTDEEP} (42... Rxb3 43. Rxb3 Nxb3 {[#]} 44. Bxf6 $1 $14) 43. Be1 {[%emt 0:00:00] CPLX 2.3 88 (Bh4-g3) (=32)} Re2 {[%emt 0:00:06] CPLX 2.1 87 (Rb2-c2) (=17)} ({Not} 43... Nd4 $2 44. Bh4 a4 45. bxa4 $19) 44. Bd2 {[%emt 0:00:00] CPLX 2.3 332 (Be1-g3) (=41)} (44. Bg3) 44... Nd4 {[%emt 0:02:02] CPLX 2.1=>BLUNDERREACT} 45. Bc1 {[%emt 0:00:00] CPLX 2.1 289 (Bd2xb4) (=47)} Rc2 {[%emt 0:00:48] CPLX 2.0=>BLUNDERREACT} 46. Be3 {[%emt 0:00:00] [#] EASY} Nxb3 $1 {[%emt 0:07:15][%mdl 512] ...a4 is the strong threat. DEEPSTRONG} 47. Rxb3 {[%emt 0:00:00] KRB-KR. CPLX 2.7 400 (Rd3-d8) (=55)} (47. Rd8 a4) 47... a4 {[%emt 0:00:01][%cal Ba5a4,Ba4a3][%mdl 32] EASY} 48. Rd3 {[%emt 0:00:00] CPLX 2.9 31 (Rb3-b1) (=55)} b3 {[%emt 0:00:41] aiming for ...b2. CPLX 2.7} 49. Rd8 {[%emt 0:00:00] CPLX 3.0 400 (h5-h6) (=63)} a3 {[%emt 0:02:22] EASY} 50. Rc8+ {[%emt 0:00:00] CPLX 3.2 400 (h5-h6) (=72)} Kd7 {[%emt 0:00:51] CPLX 3.1} 51. Rg8 {[%emt 0:00:00] RELBLUND 400 (Rc8-a8) (=80)} b2 {[%emt 0:00:39] DEEPSTRONG} 52. Rxg7+ {[%emt 0:00:00] EASY} Ke6 {[%emt 0:02:18] DEEPSTRONG} ({Stronger than} 52... Kc6 53. h6 b1=Q 54. h7 Rxg2+ 55. Kxg2 Qe4+ 56. Kf2 $15) 53. h6 {[%emt 0:00:00] DEEPSTRONG} b1=Q {[%emt 0:00:07] EASY} 54. h7 {[%emt 0:00:00] CPLX 4.9} Qb8 {[%emt 0:00:52] ( -> ...Qe8)} 55. Rg8 {[%emt 0:00:00] [#] Against Qe8} Rxg2+ $3 56. Rxg2 Qh8 57. Bxc5 Qxh7+ 58. Kg3 Qd3+ {[%emt 0:00:07] Weighted Error Value: White=0.87/Black=0.11 (very precise)} (58... Qg6+ $142 59. Kf2 Qc2+ 60. Kg3 Qxc4 61. Bxa3 Qc3+ 62. Kf2 Qxa3) 0-1

[Event "1st Serbian League 2022"]
[Site "Vrnjacka Banja"]
[Date "2022.09.20"]
[Round "1.23"]
[White "Savic, Miodrag R"]
[Black "Zajic, Milan"]
[Result "1/2-1/2"]
[ECO "B22"]
[WhiteElo "2406"]
[BlackElo "2402"]
[Annotator "ChessBase"]
[PlyCount "91"]
[EventDate "2022.09.20"]
[EventType "team-tourn"]
[EventCountry "SRB"]
[SourceTitle "playchess.com"]
[Source "ChessBase"]
[SourceQuality "1"]
[TimeControl "40/5400+30:1800+30"]

1. e4 c5 2. c3 d5 3. exd5 Qxd5 4. Nf3 Nf6 5. Na3 Nc6 6. Be2 e5 7. d3 Be7 8. O-O O-O 9. Nc4 Rd8 10. Re1 h6 11. Qb3 Rb8 12. Bf1 Bd6 13. Nxd6 Qxd6 14. Nd2 b6 15. Ne4 Qe7 16. Qa4 Bd7 17. Qd1 Be6 18. Qf3 Nxe4 19. dxe4 c4 20. Be3 Rd7 21. Red1 Rbd8 22. Be2 Rxd1+ 23. Rxd1 Rxd1+ 24. Bxd1 Qd7 25. Qe2 b5 26. Qd2 Qxd2 27. Bxd2 g5 28. h4 f6 29. Bh5 Bd7 30. Be3 a6 31. hxg5 hxg5 32. Bb6 Kg7 33. f3 Ne7 34. g3 Ng6 35. Bd8 Kh6 36. Bxg6 Kxg6 37. g4 Be6 38. Kf2 Kf7 39. Ke3 Bd7 40. Kd2 Ke6 41. Kc2 Kf7 42. b3 Be6 43. Kb2 Kg6 44. Ka3 Kg7 45. Kb4 Kf7 46. Ka3 1/2-1/2

[Event "1st Serbian League 2022"]
[Site "Vrnjacka Banja"]
[Date "2022.09.20"]
[Round "1.24"]
[White "Stankovic, Milos"]
[Black "Radovanovic, Mihajlo"]
[Result "0-1"]
[ECO "C41"]
[WhiteElo "2439"]
[BlackElo "2438"]
[Annotator "ChessBase"]
[PlyCount "70"]
[EventDate "2022.09.20"]
[EventType "team-tourn"]
[EventCountry "SRB"]
[SourceTitle "playchess.com"]
[Source "ChessBase"]
[SourceQuality "1"]
[TimeControl "40/5400+30:1800+30"]

1. e4 e5 2. Nf3 d6 3. d4 exd4 4. Nxd4 Nf6 5. Nc3 Be7 6. Qf3 O-O 7. Nf5 Bxf5 8. Qxf5 Re8 9. Be3 g6 10. Qh3 Nbd7 11. O-O-O c6 12. g4 Bf8 13. f3 d5 14. Bd4 Bb4 15. a3 Ba5 16. Kb1 b5 17. exd5 c5 18. Bxf6 Nxf6 19. Ne4 c4 20. Bg2 b4 21. axb4 Bxb4 22. c3 Nxe4 23. fxe4 Ba3 24. bxa3 Rb8+ 25. Ka2 Rb3 26. Qg3 Qb6 27. Rb1 Re7 28. Qf4 Rxa3+ 29. Kxa3 Qa5+ 30. Kb2 Rb7+ 31. Kc1 Qxc3+ 32. Kd1 Qd3+ 33. Ke1 Rxb1+ 34. Kf2 Rb2+ 35. Kg1 Qd4+ 0-1

[Event "1st Serbian League 2022"]
[Site "Vrnjacka Banja"]
[Date "2022.09.20"]
[Round "1.25"]
[White "Ter-Sahakyan, Samvel"]
[Black "Ioannidis, Evgenios"]
[Result "0-1"]
[ECO "C11"]
[WhiteElo "2630"]
[BlackElo "2486"]
[Annotator "TA"]
[PlyCount "84"]
[EventDate "2022.09.20"]
[EventType "team-tourn"]
[EventCountry "SRB"]
[SourceTitle "playchess.com"]
[Source "ChessBase"]
[SourceQuality "1"]
[TimeControl "40/5400+30:1800+30"]

1. e4 e6 2. d4 d5 3. Nc3 Nf6 4. e5 Nfd7 5. f4 c5 6. Nf3 Nc6 7. Be3 cxd4 8. Nxd4 Qb6 9. Qd2 Qxb2 10. Rb1 Qa3 11. Bb5 {[%emt 0:00:42] Hoping for Rb3. CPLX 2.9} Nxd4 {[%emt 0:00:26] CPLX 3.0 14 (Nd7-b8) (=14). C11: French: Classical System: 4 e5 and 4 Bg5 dxe4.} 12. Bxd4 {[%emt 0:00:05][%cal Of4f5] next f5! is good for White. RECAPT} ({Reject} 12. Qxd4 a6 13. Bxd7+ Bxd7 14. Rxb7 Rc8 $17) 12... a6 {[%emt 0:00:12] EASY} (12... Bb4 {keeps more tension.} 13. Rb3 Qa5 14. O-O O-O) 13. Bxd7+ {[%emt 0:00:19] BESTDEEP} Bxd7 {[%emt 0:00:07] RECAPT. White has an edge.} 14. Rb3 {[%emt 0:00:04] EASY} Qe7 {[%emt 0:00:08] CPLX 2.8} 15. Rxb7 {[%emt 0:00:11] EASY} Qd8 {[%emt 0:00:18] CPLX 3.1 20 (Ra8-c8) (=7) 15...Qh4+ is setting a new trend.} 16. O-O {[%emt 0:10:26] CPLX 3.0} Qc8 {[%emt 0:00:16] CPLX 2.9 13 (Ra8-c8) (=8)} 17. Rb3 {[%emt 0:05:50] MISS-Rf1-b1 17 (Rf1-b1) (=2)} Bc5 {[%emt 0:00:21] CPLX 2.5 0 (Qc8-c6) (=7)} 18. f5 {[%emt 0:13:25] BESTDEEP} Bxd4+ {[%emt 0:07:14] CPLX 3.1 0 (Qc8-c7) (=6)} 19. Qxd4 {[%emt 0:00:52] RECAPT} Qc4 {[%emt 0:00:07] BESTDEEP} 20. Qxc4 {[%emt 0:30:52] CPLX 3.8} dxc4 {[%emt 0:00:10] [#] RECAPT} 21. Rb4 $146 {[%emt 0:00:23] CPLX 2.3 32 (Rb3-b6) (=4)} ({Predecessor:} 21. Rb7 exf5 22. Rfb1 Bc8 23. R7b4 O-O 24. Rxc4 Be6 25. Rc6 Rfc8 26. Rbb6 h6 27. a4 {½-½ (66) Bulmaga,I (2390)-Cosma,E (2281) Eforie Nord 2022}) 21... exf5 {[%emt 0:00:49] CPLX 2.2} 22. Nd5 {[%emt 0:00:04] Strongly threatening Nc7+. CPLX 2.1} Rc8 {[%emt 0:21:05] Prevents Nc7+. CPLX 2.2 7 (Ra8-d8) (=5)} 23. Rb6 {[%emt 0:10:01] CPLX 2.2 0 (Rf1-d1) (=4)} Bc6 {[%emt 0:11:19] CPLX 2.2 2 (c4-c3) (=4)} 24. Rd1 {[%emt 0:07:58][%cal Od5c7] CPLX 2.6 23 (Nd5-c3) (=5)} Bxd5 {[%emt 0:00:24] CPLX 2.4} 25. Rxd5 $11 {[%emt 0:00:03][%mdl 4096] Endgame KRR-KRR. RECAPT} Ke7 {[%emt 0:00:42] Inhibits e6. CPLX 2.0} 26. Rxa6 {[%emt 0:03:23] CPLX 2.2 28 (e5-e6) (=6)} Ra8 {[%emt 0:04:09] CPLX 2.0} 27. Rc6 {[%emt 0:02:00] CPLX 2.3 15 (Ra6-d6) (=7)} Rhc8 {[%emt 0:00:04] CPLX 2.1} 28. Rxc8 {[%emt 0:04:59] EASY} Rxc8 $15 {[%emt 0:03:39] KR-KR. RECAPT} 29. a4 {[%emt 0:00:27] CPLX 2.0} Ke6 {[%emt 0:00:05] CPLX 2.0} 30. Rd4 {[%emt 0:00:26] CPLX 2.0 49 (Rd5-b5) (=8)} (30. Rb5 $15) 30... Kxe5 $17 {[%emt 0:03:13] CPLX 2.0} 31. c3 {[%emt 0:00:03] [#] CPLX 2.0 18 (Rd4-d7) (=9)} f4 $1 {[%emt 0:01:31] CPLX 2.0} 32. Kf2 {[%emt 0:01:00] [#] CPLX 2.0 83 (Rd4-d7) (=12)} ({White should try} 32. Rd7) 32... g5 $1 {[%emt 0:00:07][%cal Bg7g5,Bg5g4][%mdl 32] CPLX 2.0} 33. Ke2 {[%emt 0:02:29] CPLX 2.0 15 (a4-a5) (=12)} g4 {[%emt 0:01:04] CPLX 2.0 16 (h7-h5) (=3)} 34. Kf2 $2 {[%emt 0:01:07] This move loses the game for White. CPLX 2.0 199 (a4-a5) (=20)} (34. a5 $17) 34... h5 $19 {[%emt 0:03:47][%cal Bh7h5,Bh5h4][%mdl 32] CPLX 2.0} 35. h3 {[%emt 0:00:31] CPLX 2.0} f5 {[%emt 0:01:43] White must now prevent ...Rb8. CPLX 2.3} 36. Ke2 $2 {[%emt 0:00:23] CPLX 2.3 323 (Rd4-d1) (=31)} (36. Rd1 Rb8 37. Re1+ Kd5 38. Re2) 36... h4 {[%emt 0:02:59] Threatens to win with ...Rb8. CPLX 2.2 186 (Rc8-b8) (=10)} 37. Kf2 {[%emt 0:00:38] CPLX 2.2 400 (Ke2-f1) (=45)} (37. Kf1 $142 Rb8 38. Rd1) 37... Rb8 {[%emt 0:02:38] CPLX 2.3=>BLUNDERREACT} 38. Rd2 {[%emt 0:00:28] BESTDEEP} Rb3 {[%emt 0:04:56] CPLX 2.1 209 (Rb8-b1) (=17)} 39. Ra2 {[%emt 0:00:35] RELBLUND 400 (Rd2-c2) (=55)} g3+ {[%emt 0:01:49] CPLX 2.1=>BLUNDERREACT. Black mates.} 40. Ke2 {[%emt 0:00:09] RELBLUND 0 (Kf2-f3) (=53)} Rxc3 {[%emt 0:00:13] CPLX 2.0 8 (Rb3-b1) (=16)} 41. a5 {[%emt 0:30:24] RELBLUND 6 (Ke2-d2) (=52)} f3+ {[%emt 0:30:22] EASY} 42. gxf3 {[%emt 0:00:08] EASY} Rc1 {[%emt 0:00:05] Weighted Error Value: White=0.61/Black=0.16 (very precise)} 0-1